 Dungeon Crawl Stone Soup version 0.21.0-25-ge575cb9 (webtiles) character file.

38 komo4ek the Stinger (level 3, -4/28 HPs)
             Began as a Naga Venom Mage on Jan 24, 2018.
             Slain by a goblin
             ... wielding a +0 dagger
             ... led by Robin
              (5 damage)
             ... on level 2 of the Dungeon.
             The game lasted 00:04:25 (936 turns).

komo4ek the Stinger (Naga Venom Mage)                Turns: 936, Time: 00:04:25

Health: -4/28      AC:  3    Str: 10    XL:     3   Next: 43%
Magic:  4/6        EV: 10    Int: 16    God:
Gold:   81         SH:  0    Dex: 15    Spells: 6/7 levels left

rFire    . . .     SeeInvis +   h - -3 dagger (curse)
rCold    . . .     Gourm    .   (no shield)
rNeg     . . .     Faith    .   a - +1 robe
rPois    +         Spirit   .   (no helmet)
rElec    .         Reflect  .   (no cloak)
rCorr    .         Harm     .   (no gloves)
MR       .....                  (no barding)
Stlth    ++........             (no amulet)
HPRegen  0.09/turn              l - +4 ring of dexterity
MPRegen  0.10/turn              (no ring)

@: very slow
A: large, see invisible, deformed body, poison resistance, slowness 2, slow
metabolism 1, spit poison 1, AC +1
a: Spit Poison


You were on level 2 of the Dungeon.
You were hungry.

You visited 1 branch of the dungeon, and saw 2 of its levels.

You collected 81 gold pieces.

Inventory:

Hand Weapons
 f - a +0 club
 h - a cursed -3 dagger (weapon)
Armour
 a - a +1 robe (worn)
Jewellery
 l - a +4 ring of dexterity (left hand)
Scrolls
 d - a scroll of identify
Potions
 i - a potion of lignification {unknown}
 j - 2 potions of might
 m - a potion of curing {unknown}
Books
 b - a Young Poisoner's Handbook

   Spells                             Type                      Level
   a - Sting                          Conjuration/Poison           1
   b - Poisonous Vapours              Poison/Air                   2
   c - Mephitic Cloud                 Conjuration/Poison/Air       3
   d - Olgreb's Toxic Radiance        Poison                       4
   e - Venom Bolt                     Conjuration/Poison           5
Comestibles
 c - 3 rations


   Skills:
 - Level 1.5 Dodging
 - Level 3.0 Stealth
 + Level 2.5 Spellcasting
 - Level 1.0 Conjurations
 * Level 5.3 Poison Magic


You had 6 spell levels left.
You knew the following spells:

 Your Spells              Type           Power        Failure   Level  Hunger
a - Sting                 Conj/Pois      ##..         5%          1    #......


Dungeon Overview and Level Annotations

Branches:
Dungeon (2/15)

Altars:
Nemelex Xobeh

Annotations:
D:2 Robin


Innate Abilities, Weirdness & Mutations

You cannot wear boots.
Your serpentine skin is tough. (AC +1)
You have supernaturally acute eyesight. (SInv)
Armour fits poorly on your strangely shaped body.
Your system is resistant to poisons. (rPois)
You cover ground very slowly.
You have a slow metabolism.
You can spit poison.


Message History

Aim: a goblin, wielding a dagger (unusually strong)
The sting misses the goblin.
The goblin barely misses you. Robin hits you from afar with a spear.
The goblin unwields an uncursed dagger.
The goblin wields a hunting sling.
The goblin shoots a stone.
The stone hits you. The goblin hits you but does no damage.
Robin hits you from afar with a spear.
You see here a stone.
The goblin hits you but does no damage. The goblin hits you with a dagger.
* * * LOW HITPOINT WARNING * * *
Robin throws the goblin at you!
The goblin unwields an uncursed hunting sling.
The goblin wields an uncursed dagger.
The goblin hits you but does no damage.
You hit the goblin.
You kill the goblin!
The goblin barely misses you. Robin throws the goblin at you!
* * * LOW HITPOINT WARNING * * *
Robin throws the goblin at you! The goblin hits you with a club.
* * * LOW HITPOINT WARNING * * *
The goblin hits you with a dagger.
You die...

..#####.# #######
#.......##
#######..##########
#...........# #
#.#######...#
#######..######...#
.........g........#
##########.####...#
**≈≈≈,** #g.# #.@g#
*≈≈≈≈≈.####.###.g.#
_≈≈w≈≈..>...gg.)###
#≈≈≈≈≈.........>#
#*≈≈≈.##........#
#**#***#........#
##########


You could see Robin and 2 goblins.

Vanquished Creatures
  An adder (D:2)
  A ball python (D:1)
  4 bats (D:1)
  8 goblins
  5 hobgoblins
  3 kobolds
  2 frilled lizards
  2 rats (D:1)
26 creatures vanquished.

Notes
Turn   | Place    | Note
-------+----------+-------------------------------------------
     0 | D:1      | komo4ek the Naga Venom Mage began the quest for the Orb.
     0 | D:1      | Reached XP level 1. HP: 15/15 MP: 3/3
    77 | D:1      | Reached XP level 2. HP: 22/22 MP: 5/5
   564 | D:2      | Found a sparkling altar of Nemelex Xobeh.
   571 | D:2      | Reached skill level 5 in Poison Magic
   571 | D:2      | Reached XP level 3. HP: 25/28 MP: 1/6
   663 | D:2      | Noticed Robin
   936 | D:2      | HP: 1/28 [goblin/club[Robin] (4)]
   936 | D:2      | Slain by a goblin

Skill      XL: |  1  2 |
---------------+-------+-----
Poison Magic   | 5 |  5.3
Dodging        | |  1.5
Stealth        | |  3.0
Spellcasting   | |  2.5
Conjurations   | |  1.0

Action                   || total
-------------------------++-------
Melee: Dagger            ||     2
Throw: Javelin           ||     2
 Cast: Sting             ||    28
 Abil: Spit Poison       ||    14
  Use: Scroll            ||     5
Armor: Robe              ||     7
Dodge: Dodged            ||    11
